 Dungeon Crawl Stone Soup version 0.23.2-40-g277498a (webtiles) character file.

Game seed: 492803426976566386

224 Aisha the Firebug (level 6, -5/36 HPs)
             Began as an Octopode Fire Elementalist on Sept 27, 2019.
             Killed by nerve-wracking pain
             ... invoked by an orc priest
              (12 damage)
             ... on level 2 of the Dungeon.
             The game lasted 00:05:53 (3560 turns).

Aisha the Firebug (Octopode Fire Elementalist)      Turns: 3560, Time: 00:05:54

Health: -5/36      AC:  1    Str:  7    XL:     6   Next: 0%
Magic:  7/10       EV: 13    Int: 20    God:
Gold:   86         SH:  0    Dex: 12    Spells: 7/10 levels left

rFire    . . .     SeeInvis .   c - +0 dagger
rCold    . . .     Gourm    .   (no shield)
rNeg     . . .     Faith    .   (helmet restricted)
rPois    .         Spirit   .   (no amulet)
rElec    .         Reflect  .   (no ring)
rCorr    .         Harm     .   (no ring)
MR       .....                  (no ring)
Stlth    +++.......             (no ring)
HPRegen  0.12/turn              (no ring)
MPRegen  0.12/turn              (no ring)
                                (no ring)
                                (no ring)

@: no status effects
A: almost no armour, stealthy swim, amphibious, 8 rings, constrict 8, camouflage
1, gelatinous body 1
a: no special abilities


You were on level 2 of the Dungeon.
You were not hungry.

You visited 1 branch of the dungeon, and saw 3 of its levels.

You collected 86 gold pieces.


Innate Abilities, Weirdness & Mutations

You cannot wear most types of armour.
You are very stealthy in the water. (Stealth+)
You are amphibious.
You can wear up to eight rings at the same time.
You can use your tentacles to constrict eight enemies at once.
Your skin changes colour to match your surroundings (Stealth+).
Your rubbery body absorbs attacks. (AC +1, EV +1)


   Skills:
 - Level 2.0 Dodging
 - Level 2.6 Stealth
 + Level 2.9 Spellcasting
 * Level 3.6 Conjurations
 * Level 4.6 Fire Magic


You had 7 spell levels left.
You knew the following spells:

 Your Spells              Type           Power        Failure   Level  Hunger
f - Throw Flame           Conj/Fire      ###...       4%          2    ##.....
z - Flame Tongue          Conj/Fire      ###..        2%          1    None

Your spell library contained the following spells:

 Spells                   Type           Power        Failure   Level  Hunger
 Conjure Flame            Conj/Fire      ###.....     8%          3    ###....
 Inner Flame              Hex/Fire       ##......     17%         3    ###....
 Sticky Flame             Conj/Fire      ###.....     26%         4    ####...
 Fireball                 Conj/Fire      ###.......   58%         5    ######.

Inventory:

Hand Weapons
 c - a +0 dagger (weapon)
Scrolls
 f - 3 scrolls of magic mapping {unknown}
 h - a scroll of remove curse {unknown}
 i - 2 scrolls of identify {unknown}
 n - a scroll of amnesia {unknown}
 o - a scroll of enchant weapon {unknown}
Potions
 a - a potion of berserk rage {unknown}
 d - a potion of degeneration {unknown}
 e - 2 potions of lignification {unknown}
 g - a potion of might {unknown}
 j - 2 potions of heal wounds {unknown}
 k - 2 potions of invisibility
 l - 3 potions of curing {unknown}
Comestibles
 b - 5 rations {@e1}

Dungeon Overview and Level Annotations

Branches:
Dungeon (3/15)

Altars:
Wu Jian
Xom

#.######.....#.......
#.#######.⌠._#.......
#......##.†..#.......
######.###..##.......
#<......####....[...
###.#.#####.........
##########.......'.........
#.........o..#.#.#.........
#.########@......+.........
#.# ###.....#......... #.#
##.####......... #.# #.#
#......... #.###########.#
########## #.............#
#......# ###############
#......# #......# #......#


You could see an orc priest.


Message History

You see here 4 stones.
Casting: Throw Flame (safe; 4% risk of failure)
Confirm with . or Enter, or press ? or * to list all spells.
Aiming: Throw Flame (safe; 4% risk of failure)
Press: ? - help, Shift-Dir - straight line, f - orc priest
Aim: an orc priest The puff of flame hits the orc priest.
The orc priest is lightly wounded.
The orc priest hits you.
* * * LOW HITPOINT WARNING * * *
You climb upwards.
There is a stone staircase leading down here.
You are too injured to fight recklessly!
You hit the orc priest. You grab the orc priest.
The orc priest is lightly wounded.
You constrict the orc priest.
The orc priest calls down the wrath of Beogh upon you.
Beogh smites you!
* * * LOW HITPOINT WARNING * * *
Casting: Throw Flame (safe; 4% risk of failure)
Confirm with . or Enter, or press ? or * to list all spells.
Aiming: Flame Tongue (safe; 2% risk of failure)
Press: ? - help, Shift-Dir - straight line, f - orc priest
Aim: an orc priest (lightly wounded, constricted by you)
The flame tongue hits the orc priest.
The orc priest is moderately wounded.
You constrict the orc priest.
The orc priest invokes the aid of Beogh against you.
Pain shoots through your body!
You die...

Skill      XL: |  1  2  3  4 |
---------------+-------------+-----
Conjurations   | 2 3 |  3.6
Fire Magic     | 4 |  4.6
Dodging        | |  2.0
Stealth        | |  2.6
Spellcasting   | |  2.9

Action                   |  1- 3 |  4- 6 || total
-------------------------+-------+-------++-------
Melee: Unarmed           |    28 |       ||    28
       Tentacles         |    14 |    18 ||    32
       Constrict         |    23 |    37 ||    60
       Dagger            |    39 |   103 ||   142
 Cast: Flame Tongue      |    23 |    25 ||    48
       Throw Flame       |     1 |    30 ||    31
  Use: Potion            |       |     1 ||     1
 Stab: Sleeping          |     5 |     4 ||     9
  Eat: Chunk             |     2 |     8 ||    10
Armor: Skin              |     3 |    24 ||    27
Dodge: Dodged            |    60 |    93 ||   153

Levels and vault maps discovered:
D:1:      scummos_arrival_hexagon, layout_basic
D:2:      layout_basic, gammafunk_temple_overflow_pools
D:3:      layout_basic, lemuel_doored_altar, uniq_natasha

Notes
Turn   | Place    | Note
-------+----------+-------------------------------------------
     0 | D:1      | Aisha the Octopode Fire Elementalist began the quest for
                  | the Orb.
     0 | D:1      | Reached XP level 1. HP: 11/11 MP: 3/3
   263 | D:1      | Reached XP level 2. HP: 7/17 MP: 1/5
   855 | D:1      | Learned a level 2 spell: Throw Flame
   866 | D:1      | Reached skill level 2 in Conjurations
   866 | D:1      | Reached XP level 3. HP: 7/21 MP: 3/6
  1394 | D:2      | Found a shimmering altar of Xom.
  1394 | D:2      | Found an ornate altar of the Wu Jian Council.
  1450 | D:2      | Reached XP level 4. HP: 20/27 MP: 1/7
  1895 | D:2      | Reached skill level 4 in Fire Magic
  2351 | D:2      | HP: 1/27 [orc/+0 flail (2)]
  2680 | D:3      | Reached skill level 3 in Conjurations
  2687 | D:3      | Reached XP level 5. HP: 5/31 MP: 0/8
  2697 | D:3      | HP: 3/31 [poisoned by an adder]
  3436 | D:3      | Reached XP level 6. HP: 36/36 MP: 1/10
  3560 | D:2      | Killed from afar by an orc priest

Vanquished Creatures
  2 orc wizards (D:3)
  An orc priest (D:3)
  2 adders
  An ooze (D:1)
  A worm (D:3)
  2 dart slugs (D:1)
  3 leopard geckos
  9 orcs
  9 giant cockroaches
  5 hobgoblins
  11 jackals (D:2)
  14 bats
  5 frilled lizards
  8 goblins
  14 kobolds
  6 rats
93 creatures vanquished.

Table legend:
 A = Turns spent in this place as a percentage of turns spent in the entire game.
 B = Non-inter-level travel turns spent in this place as a percentage of non-inter-level travel turns spent in the entire game.
 C = Inter-level travel turns spent in this place as a percentage of turns spent in this place.
 D = Turns resting spent in this place as a percentage of non-inter-level travel turns spent in this place.
 E = Turns spent auto-exploring this place as a percentage of non-inter-level travel turns spent in this place.
 F = Non-inter-level travel turns spent in this place divided by the number of levels of this place that you've seen.
                   A       B       C       D       E      F
               +-------+-------+-------+-------+-------+----------------------
         Total | 100.0 | 100.0 |   0.9 |  56.8 |  25.1 | 1176.3
       Dungeon | 100.0 | 100.0 |   0.9 |  56.8 |  25.1 | 1176.3
               +-------+-------+-------+-------+-------+----------------------

Table legend:
 A = Non-vault XP
 B = Vault XP
 C = Vault XP percentage of total XP
 D = Non-vault monster count
 E = Vault monster count
 F = Vault count percentage of total count
                 A         B        C        D         E       F
            +---------+---------+-------+---------+---------+-------
      Total |     320 |       0 |   0.0 |      93 |       0 |   0.0
            +---------+---------+-------+---------+---------+-------
        D:1 |      52 |       0 |   0.0 |      29 |       0 |   0.0
        D:2 |      88 |       0 |   0.0 |      42 |       0 |   0.0
        D:3 |     180 |       0 |   0.0 |      22 |       0 |   0.0
            +---------+---------+-------+---------+---------+-------
